 Dungeon Crawl Stone Soup version 0.26.1-12-g5ba1501909 (webtiles) character file.

Game seed: 13735669611764363176

815 Zeld the Sneak (level 7, -6/49 HPs)
             Began as an Octopode Brigand on Oct 28, 2021.
             Mangled by a mummy (17 damage)
             ... in an ossuary.
             The game lasted 00:08:27 (6078 turns).

Zeld the Sneak (Octopode Brigand)                   Turns: 6078, Time: 00:08:27

Health: -6/49      AC:  1    Str: 10    XL:     7   Next: 94%
Magic:  7/7        EV: 14    Int: 14    God:
Gold:   3          SH:  0    Dex: 15    Spells: 6/6 levels left

rFire    . . .     SeeInvis .   a - +4 dagger (venom)
rCold    . . .     Faith    .   (no shield)
rNeg     . . .     Spirit   .   (helmet restricted)
rPois    .         Reflect  .   (no amulet)
rElec    .         Harm     .   (no ring)
rCorr    .         Rampage  .   (no ring)
Will     .....                  (no ring)
Stlth    ++++......             (no ring)
HPRegen  0.16/turn              (no ring)
MPRegen  0.10/turn              (no ring)
                                (no ring)
                                (no ring)

@: no status effects
A: almost no armour, stealthy swim, amphibious, 8 rings, constrict 8, camouflage
1, gelatinous body 1
a: no special abilities


You were in an ossuary.
You visited 1 branch of the dungeon, and saw 5 of its levels.
You also visited: Ossuary.

You collected 193 gold pieces.
You spent 190 gold pieces at shops.

Inventory:

Hand Weapons
 a - a +4 dagger of venom (weapon)
 b - a +2 dagger
 g - a +1 short sword of venom
Missiles
 c - 6 curare-tipped darts
 s - 27 poisoned darts (quivered)
 t - a throwing net
Scrolls
 e - 4 scrolls of identify
 h - a scroll of enchant armour {unknown}
 m - 2 scrolls of fog
 n - a scroll of blinking
 o - a scroll of magic mapping
 r - 3 scrolls of teleportation
Potions
 d - a potion of magic {unknown}
 f - 3 potions of heal wounds {unknown}
 i - 2 potions of mutation {unknown}
 j - 2 potions of curing
 k - a potion of ambrosia {unknown}
 p - a potion of degeneration {unknown}
 v - a potion of haste {unknown}


   Skills:
 * Level 4.6 Fighting
 * Level 4.7 Short Blades
 * Level 4.6 Throwing
 + Level 2.9 Dodging
 + Level 6.8 Stealth


You had 6 spell levels left.
You didn't know any spells.
Your spell library was empty.

Dungeon Overview and Level Annotations

Branches:
Dungeon (5/15)             Temple (0/1) D:5         Ossuary (1/1)

Altars:
Dithmenos
Elyvilon
Okawaru
Trog
The Shining One

Shops:
D:5 (*

Annotations:
D:5 Eustachio


Innate Abilities, Weirdness & Mutations

You cannot wear most types of armour.
You are very stealthy in the water. (Stealth+)
You are amphibious.
You can wear up to eight rings at the same time.
You can use your tentacles to constrict eight enemies at once.
Your skin changes colour to match your surroundings (Stealth+).
Your rubbery body absorbs attacks. (AC +1, EV +1)


Message History

You constrict the orc zombie.
You destroy the orc zombie!
The hobgoblin zombie misses you.
You hit the big kobold zombie. You grab the big kobold zombie.
The big kobold zombie is lightly damaged.
You constrict the big kobold zombie. You hit the big kobold zombie.
The big kobold zombie is lightly damaged.
You constrict the big kobold zombie, but do no damage.
The big kobold zombie hits you.
* * * LOW HITPOINT WARNING * * *
You puncture the hobgoblin zombie! You grab the hobgoblin zombie.
The hobgoblin zombie is almost destroyed.
You constrict the hobgoblin zombie.
You destroy the hobgoblin zombie!
You constrict the big kobold zombie.
You release your grip on the big kobold zombie.
The big kobold zombie closely misses you.
The mummy hits you!
You die...

#...# #.... #...#
#...# #.... #...#
#...# #...# #...#
#...# #...# #...#
#...# #...#
#...##############...#
#..............ZM....#
#.........∩∩...@.....#
######################


You could see a mummy and a big kobold zombie.

Vanquished Creatures
  Grinder (D:4)
  A big kobold (D:3)
  A centaur zombie (Ossuary)
  A jelly (D:5)
  2 orc priests
  A human zombie (Ossuary)
  3 orc wizards
  2 worker ants (D:4)
  A big kobold zombie (Ossuary)
  A mummy (Ossuary)
  Robin (D:4)
  3 adders
  4 gnolls (D:4)
  An ooze (D:4)
  A worm (D:2)
  2 dart slugs (D:1)
  2 leopard geckos (D:4)
  18 orcs
  5 bats
  19 giant cockroaches
  11 hobgoblins
  6 jackals (D:2)
  A quokka (D:5)
  3 ball pythons
  4 frilled lizards
  14 goblins
  4 goblin zombies (Ossuary)
  14 hobgoblin zombies (Ossuary)
  3 jackal zombies (Ossuary)
  16 kobolds
  7 kobold zombies (Ossuary)
  3 orc zombies (Ossuary)
  A quokka skeleton (D:5)
  5 rats
162 creatures vanquished.

Notes
Turn   | Place    | Note
-------+----------+-------------------------------------------
     0 | D:1      | Zeld the Octopode Brigand began the quest for the Orb.
     0 | D:1      | Reached XP level 1. HP: 14/14 MP: 1/1
   125 | D:1      | Reached XP level 2. HP: 16/19 MP: 2/2
   813 | D:1      | Reached XP level 3. HP: 25/25 MP: 3/3
  1421 | D:2      | Reached XP level 4. HP: 30/30 MP: 4/4
  2286 | D:2      | Reached XP level 5. HP: 22/36 MP: 5/5
  2520 | D:3      | HP: 1/36 [kobold/+0 dagger (1)]
  2866 | D:3      | Noticed a big kobold
  2887 | D:3      | Killed a big kobold
  3466 | D:3      | Reached skill level 6 in Stealth
  3466 | D:3      | Reached XP level 6. HP: 42/42 MP: 6/6
  3728 | D:3      | Found a white marble altar of Elyvilon.
  3820 | D:4      | Found a glowing golden altar of the Shining One.
  3833 | D:4      | Noticed a phantom
  4148 | D:2      | Found a bloodstained altar of Trog.
  4261 | D:4      | Found a shadowy altar of Dithmenos.
  4623 | D:4      | Got a vibrating granite ring
  4853 | D:4      | Reached XP level 7. HP: 48/48 MP: 7/7
  4853 | D:4      | Identified the ring "Siasovot" {Str+5 Dex+4 Stlth-} (You
                  | found it on level 4 of the Dungeon)
  4931 | D:4      | Noticed Grinder
  4966 | D:4      | Killed Grinder
  5267 | D:4      | Found an iron altar of Okawaru.
  5275 | D:4      | Noticed Robin
  5289 | D:4      | Killed Robin
  5440 | D:5      | Entered Level 5 of the Dungeon
  5440 | D:5      | Found Toyboetti's Weapon Boutique.
  5455 | D:5      | Bought 2 curare-tipped darts for 16 gold pieces
  5455 | D:5      | Bought a +1 short sword of venom for 148 gold pieces
  5464 | D:5      | Noticed Eustachio
  5504 | D:5      | Found Doom's Assorted Antiques.
  5514 | D:5      | Bought a scroll labelled IVENYI VEK HIT for 26 gold pieces
  5537 | D:5      | Found a sand-covered staircase.
  5546 | Ossuary  | Entered an ossuary
  6078 | Ossuary  | Mangled by a mummy

Illustrated notes

Levels and vault maps discovered:
D:1:      psy_arrival_spokes, layout_loops_ring
D:2:      minmay_roachtagon, layout_basic, nicolae_overflow_hidden_temple
D:3:      cheibrodos_thug_alley, layout_basic, overflow_temple_1_default
D:4:      layout_basic, kennysheep_mini_moat, kennysheep_mini,
          old_standard_altar, uniq_grinder, uniq_robin
D:5:      layout_rooms, minmay_temple_entry_from_below_a, serial_shops, shop,
          nicolae_shop_trees, shop, shop, nicolae_ossuary_entry_plus,
          uniq_eustachio, uniq_pikel
Ossuary:  ossuary_tomb_1

Skill      XL: |  1  2  3  4  5  6  7 |
---------------+----------------------+-----
Short Blades   | 3 4 |  4.7
Fighting       | 3 4 |  4.6
Throwing       | 3 4 |  4.6
Dodging        | 2 |  2.9
Stealth        | 6 |  6.8

Action                   |  1- 3 |  4- 6 |  7- 9 || total
-------------------------+-------+-------+-------++-------
Melee: Dagger            |    70 |   131 |   115 ||   316
       Constrict         |    15 |    43 |    43 ||   101
       Tentacles         |    14 |    35 |    27 ||    76
Throw: Dart              |       |    16 |       ||    16
  Use: Scroll            |       |     7 |     4 ||    11
 Stab: Sleeping          |    13 |    14 |     2 ||    29
       Distracted        |       |     1 |     1 ||     2
Armor: Skin              |     5 |     8 |     5 ||    18
Dodge: Dodged            |    52 |   104 |    71 ||   227
